 Dungeon Crawl Stone Soup version 0.20-a0-823-gdec668e (webtiles) character file.

1442 HitlerSphincter the Covert (level 8, -9/51 HPs)
             Began as an Octopode Assassin on Mar 6, 2017.
             Was a Priest of Cheibriados.
             Mangled by a killer bee (10 damage)
             ... on level 5 of the Dungeon.
             The game lasted 00:11:00 (6223 turns).

HitlerSphincter the Covert (Octopode Assassin)      Turns: 6223, Time: 00:11:01

Health: -9/51      AC:  1    Str: 16    XL:     8   Next: 74%
Magic:  5/8        EV: 15    Int: 19    God:    Cheibriados [***...]
Gold:   313        SH:  0    Dex: 22    Spells: 7/7 levels left

rFire    + . .     SeeInvis .   o - -3 dagger (curse)
rCold    + . .     Gourm    .   (no shield)
rNeg     . . .     Faith    .   (helmet restricted)
rPois    +         Spirit   .   (no amulet)
rElec    +         Reflect  .   (no ring)
rCorr    +         Harm     .   (no ring)
MR       .....                  (no ring)
Stlth    +++++++...             (no ring)
Regen    0.2/turn               (no ring)
MPRegen  0.2/turn               (no ring)
                                (no ring)
                                (no ring)

@: resistant, very slow
A: almost no armour, stealthy swim, amphibious, 8 rings, constrict 8, camouflage
1, gelatinous body 1
a: Bend Time, Temporal Distortion, Renounce Religion


You were on level 5 of the Dungeon.
You worshipped Cheibriados.
Cheibriados was most pleased with you.
You were not hungry.

You visited 1 branch of the dungeon, and saw 8 of its levels.

You collected 313 gold pieces.

Inventory:

Hand Weapons
 b - a +0 blowgun
 e - a +0 short sword
 f - a +0 rapier
 o - a cursed -3 dagger (weapon)
Missiles
 a - 2 curare-tipped needles
 d - 16 poisoned needles
 r - 2 needles of confusion
Wands
 c - a wand of disintegration (8/24)
 v - a wand of polymorph (11/24)
Scrolls
 j - 3 scrolls of identify
 u - a scroll of magic mapping
Potions
 h - a potion of brilliance
 p - a potion of cancellation
Books
 n - a book of Conjurations

   Spells                             Type                      Level
   a - Magic Dart                     Conjuration                  1
   b - Searing Ray                    Conjuration                  2
   c - Dazzling Spray                 Conjuration/Hexes            3
   d - Fulminant Prism                Conjuration/Hexes            4
   e - Force Lance                    Conjuration/Translocation    4
   f - Iskenderun's Mystic Blast      Conjuration                  4
Comestibles
 i - 2 bread rations
 k - 13 fruits
 m - 2 royal jellies
 q - a meat ration


   Skills:
 + Level 2.8 Fighting
 * Level 5.4 Short Blades
 + Level 2.4 Throwing
 + Level 2.8 Dodging
 * Level 12.5 Stealth
 + Level 0.2 Invocations


You had 7 spell levels left.
You didn't know any spells.

Dungeon Overview and Level Annotations

Branches:
Dungeon (8/15)             Temple (0/1) D:4
   Lair: D:8-11

Altars:
Cheibriados
Dithmenos
Elyvilon
Fedhas
Gozag
Hepliaklqana
Makhleb
Okawaru
Vehumet

Shops:
D:6 %


Innate Abilities, Weirdness & Mutations

You cannot wear most types of armour.
You are very stealthy in the water. (Stealth+)
You are amphibious.
You can wear up to eight rings at the same time.
You can use your tentacles to constrict eight enemies at once.
Your skin changes colour to match your surroundings (Stealth+).
Your rubbery body absorbs attacks. (AC +1, EV +1)


Message History

* * * LOW HITPOINT WARNING * * *
It was a potion of resistance.
You feel protected. The killer bee stings you.
* * * LOW HITPOINT WARNING * * *
The killer bee closely misses you. The killer bee barely misses you.
The killer bee closely misses you.
As you read the scroll labeled COOFRE KEXKOIMYE, it crumbles to dust.
You speak a Word of immense power!
It was a scroll of holy word.
The killer bee barely misses you. x2; The killer bee misses you.
The killer bee closely misses you. The killer bee stings you!
* * * LOW HITPOINT WARNING * * *
The killer bee completely misses you. The flow of time bends around you.
Cheibriados rebukes the killer bee.
The killer bee seems to slow down.
You feel slightly more hungry. The killer bee completely misses you.
The killer bee misses you. The killer bee stings you!
You die...

................# #.....#
................# ##.....#
...............## #......#
...yy....y.....# #......#
...............# #......#
#....y.........# #......#
#...........)..# ##......#
##............####.......#
#......%.....yy@........#
##.....>.....####......##
#####.####### #......#
##..# #......# # ###...#
##.....# ###.....#########
##...## ................#
##### ...............##
.##........<...#


You could see 2 killer bees.

Vanquished Creatures
  Menkaure (D:6)
  Duvessa (D:4)
  An ice beast (D:6)
  A sky beast (D:6)
  A black bear (D:6)
  An ogre (D:5)
  Blork the orc (D:6)
  2 bullfrogs (D:6)
  Dowan (D:4)
  The ghost of jujuben the Poker, a weakling MfSk (D:3)
  A howler monkey (D:4)
  A centaur zombie (D:6)
  2 hounds
  A bullfrog skeleton (D:5)
  A centaur skeleton (D:4)
  An orc wizard (D:3)
  2 iguanas
  5 worker ants
  A howler monkey zombie (D:6)
  A howler monkey skeleton (D:4)
  7 adders
  2 oozes (D:1)
  An adder zombie (D:6)
  2 worms
  2 dart slugs (D:1)
  5 leopard geckos
  13 orcs
  2 ball pythons
  7 giant cockroaches
  5 goblins
  8 hobgoblins
  9 jackals
  9 kobolds
  6 bats
  A frilled lizard (D:2)
  5 rats
111 creatures vanquished.

Vanquished Creatures (others)
  A quokka (D:4)
1 creature vanquished.

Grand Total: 112 creatures vanquished

Notes
Turn   | Place    | Note
-------+----------+-------------------------------------------
     0 | D:1      | HitlerSphincter the Octopode Assassin began the quest for the Orb.
     0 | D:1      | Reached XP level 1. HP: 14/14 MP: 1/1
   103 | D:1      | Reached XP level 2. HP: 19/19 MP: 2/2
   498 | D:1      | Reached skill level 6 in Stealth
   923 | D:1      | Reached XP level 3. HP: 19/24 MP: 3/3
  1580 | D:1      | Noticed an ogre
  1733 | D:2      | Found a radiant altar of Vehumet.
  1735 | D:2      | Found a snail-covered altar of Cheibriados.
  1778 | D:2      | Found a blossoming altar of Fedhas.
  1827 | D:2      | Became a worshipper of Cheibriados the Contemplative
  1923 | D:2      | Reached XP level 4. HP: 29/29 MP: 4/4
  2009 | D:2      | Found a hazy altar of Hepliaklqana.
  2165 | D:2      | You fall through a shaft for 2 floors!
  2333 | D:4      | Found a white marble altar of Elyvilon.
  2371 | D:4      | Noticed Duvessa
  2374 | D:4      | Reached skill level 7 in Stealth
  2377 | D:4      | Noticed Dowan
  2383 | D:4      | Killed Duvessa
  2383 | D:4      | Reached XP level 5. HP: 35/35 MP: 5/5
  2388 | D:4      | Killed Dowan
  2388 | D:4      | Reached skill level 8 in Stealth
  2388 | D:4      | Reached XP level 6. HP: 18/40 MP: 6/6
  2389 | D:4      | Reached * piety under Cheibriados
  2925 | D:4      | Found a shadowy altar of Dithmenos.
  3283 | D:4      | Found a staircase to the Ecumenical Temple.
  3377 | D:3      | Reached skill level 9 in Stealth
  3492 | D:3      | Noticed jujuben's ghost (weakling MfSk)
  3501 | D:3      | Killed jujuben's ghost
  3501 | D:3      | Reached XP level 7. HP: 45/45 MP: 7/7
  3570 | D:3      | Reached ** piety under Cheibriados
  3685 | D:3      | Found an opulent altar of Gozag.
  3859 | D:3      | Found a burning altar of Makhleb.
  4268 | D:5      | Entered Level 5 of the Dungeon
  4499 | D:5      | You fall through a shaft for 3 floors!
  4900 | D:6      | Noticed Blork the orc
  4906 | D:6      | Got a fine rapier
  4908 | D:6      | Identified the +5 rapier "Lazatirhe" {speed, rElec rPois Int+7 Stlth-} (You found it on level 6 of the Dungeon)
  4976 | D:6      | Killed Blork the orc
  4976 | D:6      | Reached skill level 10 in Stealth
  4980 | D:6      | Noticed Menkaure
  4986 | D:6      | Killed Menkaure
  4986 | D:6      | Reached skill level 5 in Short Blades
  5140 | D:6      | Found an iron altar of Okawaru.
  5157 | D:6      | Reached *** piety under Cheibriados
  5157 | D:6      | Reached XP level 8. HP: 41/51 MP: 8/8
  5197 | D:6      | Reached skill level 11 in Stealth
  5474 | D:6      | Found Webruopp's Food Boutique.
  5792 | D:6      | Reached skill level 12 in Stealth
  6221 | D:5      | HP: 1/51 [killer bee (9)]
  6223 | D:5      | Mangled by a killer bee

Vault maps used:
D:1:      doesnt_arrival_eight_statues
D:2:      lemuel_doored_altar, tso_altar, minitemple, first_bread,
          fedhas_altar_2
D:3:      overflow_temple_1_default, minmay_misc_feat_pillars,
          grunt_gozag_statues
D:4:      elyvilon_altar_4, minmay_temple_entry_junction, grunt_dithmenos_smoke,
          uniq_duvessa
D:5:      uniq_crazy_yiuf_cottage
D:6:      okawaru_ov_weapons_minmay, serial_shops, kennysheep_mini_moat,
          feat_on_display, uniq_blork_the_orc, uniq_menkaure
D:7:      nemelex_diamond_rough_becter
D:8:      lemuel_round_altar, serial_glass, glass_columns_a, glass_columns_b,
          st_stairs_11

Skill      XL: |  1  2  3  4  5  6  7  8 |
---------------+-------------------------+-----
Stealth        | 6 7 8 9 10 12 | 12.5
Short Blades   | 3 4 5 |  5.4
Dodging        | 2 |  2.8
Fighting       | |  2.8
Throwing       | |  2.4
Invocations    | |  0.2

Action                   |  1- 3 |  4- 6 |  7- 9 || total
-------------------------+-------+-------+-------++-------
Melee: Dagger            |    66 |    77 |   101 ||   244
       Constrict         |    13 |    17 |    25 ||    55
       Tentacles         |    15 |    22 |    37 ||    74
       Blowgun           |       |     2 |       ||     2
 Fire: Blowgun           |    11 |     3 |       ||    14
Invok: Bend Time         |       |       |     2 ||     2
  Use: Potion            |     2 |     3 |     6 ||    11
       Scroll            |       |     5 |     7 ||    12
 Stab: Sleeping          |     6 |    10 |    17 ||    33
       Distracted        |       |     1 |     1 ||     2
  Eat: Bread ration      |     2 |       |       ||     2
       Chunk             |     1 |       |     1 ||     2
Armor: Skin              |     5 |     6 |     5 ||    16
Dodge: Dodged            |    20 |    43 |    90 ||   153
